 Dungeon Crawl Stone Soup version 0.21-a0-509-gecc5317 (webtiles) character file.

40 BingusPrime the Chucker (level 3, 0/27 HPs)
             Began as a Formicid Hunter on Nov 30, 2017.
             Slain by Terence
             ... wielding a +0 flail
              (5 damage)
             ... on level 2 of the Dungeon.
             The game lasted 00:05:22 (1231 turns).

BingusPrime the Chucker (Formicid Hunter)           Turns: 1231, Time: 00:05:22

Health: 0/27       AC:  4    Str: 16    XL:     3   Next: 72%
Magic:  3/3        EV: 12    Int: 10    God:
Gold:   109        SH:  0    Dex: 12    Spells: 2/2 levels left

rFire    . . .     SeeInvis +   a - +0 short sword
rCold    . . .     Gourm    .   (no shield)
rNeg     . . .     Faith    .   b - +0 leather armour
rPois    .         Spirit   .   (helmet unavailable)
rElec    .         Reflect  .   (no cloak)
rCorr    .         Harm     .   (no gloves)
MR       .....                  m - +0 pair of boots
Stlth    +.........             (no amulet)
HPRegen  0.09/turn              (no ring)
MPRegen  0.08/turn              (no ring)

@: no status effects
A: permanent stasis, dig shafts and tunnels, four strong arms, antennae 3
a: Dig, Shaft Self


You were on level 2 of the Dungeon.
You were not hungry.

You visited 1 branch of the dungeon, and saw 2 of its levels.

You collected 109 gold pieces.

Inventory:

Hand Weapons
 a - a +0 short sword (weapon)
 o - a cursed -3 dagger
Missiles
 c - 5 javelins (quivered)
 d - 2 throwing nets
 g - 7 tomahawks
Armour
 b - a +0 leather armour (worn)
 m - a +0 pair of boots (worn)
Scrolls
 e - 2 scrolls of amnesia {unknown}
 h - a scroll of fear {unknown}
 i - a scroll of identify {unknown}
 n - a scroll of magic mapping {unknown}
 q - a scroll of remove curse {unknown}
Potions
 j - a potion of flight {unknown}
 l - a potion of lignification {unknown}
 p - 3 potions of degeneration {unknown}
 r - a potion of haste {unknown}
Comestibles
 f - 2 bread rations
 k - 8 fruits


   Skills:
 + Level 2.2 Fighting
 + Level 0.1 Short Blades
 * Level 5.1 Throwing
 + Level 1.9 Dodging
 + Level 1.2 Stealth


You had 2 spell levels left.
You didn't know any spells.

Dungeon Overview and Level Annotations

Branches:
Dungeon (2/15)

Altars:
Trog
Wu Jian

Annotations:
D:2 Terence


Innate Abilities, Weirdness & Mutations

You cannot be hasted, slowed, berserked, paralysed or teleported.
You can dig through walls and to a lower floor.
Your four strong arms can wield two-handed weapons with a shield.
You have a pair of large antennae on your head. (SInv)


Message History

You hit Terence but do no damage.
Terence is lightly wounded.
Terence says, "How do you enjoy it?" Terence closely misses you.
You hit Terence.
Terence is moderately wounded.
Terence barely misses you.
You hit Terence.
Terence is moderately wounded.
You hit Terence.
Terence is heavily wounded.
Terence hits you with a flail!
You hit Terence.
Terence is heavily wounded.
Terence hits you with a flail!
* * * LOW HITPOINT WARNING * * *
You barely miss Terence.
Terence is heavily wounded.
Terence hits you with a flail.
You die...

###########
#.........#
#.........#
#...>.....+
#.........##
#.......?...
#.........(.
#####@#### #....@...+
... #.....#### ...
#.....# #.. #.....# ..
#.....#############.##
##...................#
##.#######..#######.#
#.#######..#........
#.##.........#####.#


You could see Terence.

Vanquished Creatures
  An adder (D:2)
  An ooze (D:1)
  A dart slug (D:1)
  A giant cockroach (D:1)
  3 goblins
  3 hobgoblins
  4 kobolds
  A quokka (D:2)
  4 bats
  2 frilled lizards (D:1)
  4 rats
25 creatures vanquished.

Notes
Turn   | Place    | Note
-------+----------+-------------------------------------------
     0 | D:1      | BingusPrime the Formicid Hunter began the quest for the Orb.
     0 | D:1      | Reached XP level 1. HP: 16/16 MP: 1/1
    53 | D:1      | Reached XP level 2. HP: 22/22 MP: 2/2
   470 | D:1      | Reached XP level 3. HP: 27/27 MP: 3/3
   938 | D:2      | Found a bloodstained altar of Trog.
  1024 | D:2      | Found an ornate altar of the Wu Jian Council.
  1114 | D:2      | Reached skill level 5 in Throwing
  1217 | D:2      | Noticed Terence
  1231 | D:2      | Slain by Terence

Vault maps used:
D:1:      minmay_arrival_wavy_path
D:2:      lemuel_crystal_altar, lightli_temple_of_fire, uniq_terence

Skill      XL: |  1  2  3 |
---------------+----------+-----
Throwing       | 5 |  5.1
Fighting       | |  2.2
Short Blades   | |  0.1
Dodging        | |  1.9
Stealth        | |  1.2

Action                   || total
-------------------------++-------
Melee: Short sword       ||    65
Throw: Javelin           ||    35
 Abil: Dig               ||     2
  Eat: Chunk             ||     1
Armor: Leather armour    ||    20
Dodge: Dodged            ||    57

Table legend:
 A = Spawn XP
 B = Non-spawn XP
 C = Spawn XP percentage of total XP
 D = Spawn monster count
 E = Non-spawn monster count
 F = Spawn count percentage of total count
 G = Total turns spent on level
                    A         B        C        D         E        F      G
               +---------+---------+-------+---------+---------+-------+---------
         Total |       0 |      58 |   0.0 |       0 |      25 |   0.0 |  1231
               +---------+---------+-------+---------+---------+-------+---------
           D:1 |       0 |      30 |   0.0 |       0 |      15 |   0.0 |   840
           D:2 |       0 |      28 |   0.0 |       0 |      10 |   0.0 |   391
               +---------+---------+-------+---------+---------+-------+---------
